 Dungeon Crawl Stone Soup version 0.18-a0-833-gaaf0859 (webtiles) character file.

86 prinygod the Chucker (level 4, 16/33 HPs)
             Began as a Demonspawn Warper on Dec 17, 2015.
             Quit the game on level 2 of the Dungeon.
             The game lasted 00:11:18 (2204 turns).

prinygod the Chucker (Demonspawn Warper)            Turns: 2204, Time: 00:11:18

Health: 16/33      AC: 10    Str: 11    XL:     4   Next: 27%
Magic:  3/7        EV: 11    Int: 16    God:
Gold:   75         SH:  0    Dex: 11    Spells: 2 memorised, 4 levels left

rFire  . . .     SeeInvis .     a - +0 short sword
rCold  . . .     Gourm    .     b - +0 leather armour
rNeg   . . .     Faith    .     (no shield)
rPois  .         Spirit   .     (no helmet)
rElec  .         Dismiss  .     (no cloak)
rCorr  .         Reflect  .     n - +2 pair of gloves
SustAt .         Harm     .     (no boots)
MR     .....                    (no amulet)
Stlth  ++........               (no ring)
                                (no ring)

@: not resistant to hostile enchantments, unstealthy
A: rough black scales 1, nightstalker 1
a: no special abilities


You were on level 2 of the Dungeon.
You were near starving.

You visited 1 branch of the dungeon, and saw 3 of its levels.

You collected 75 gold pieces.

Inventory:

Hand Weapons
 a - a +0 short sword (weapon)
Missiles
 e - 5 tomahawks of dispersal
 g - 91 stones (quivered)
Armour
 b - a +0 leather armour (worn)
 j - a +0 ring mail
 n - a +2 pair of gloves (worn)
Scrolls
 d - a scroll of blinking
 h - 2 scrolls of noise {unknown}
 l - a scroll of random uselessness {unknown}
 m - a scroll of enchant armour {unknown}
 o - a scroll of identify {unknown}
 q - a scroll of teleportation {unknown}
Potions
 k - a potion of poison {unknown}
 p - a potion of haste {unknown}
Books
 c - a book of Spatial Translocations

   Spells                             Type                      Level
   a - Apportation                    Translocation                1
   b - Blink                          Translocation                2
   c - Shroud of Golubria             Charms/Translocation         2
   d - Portal Projectile              Translocation                3
   e - Teleport Other                 Translocation                3
   f - Passage of Golubria            Translocation                4
Comestibles
 f - 2 bread rations
 i - a slice of pizza


   Skills:
 - Level 2.0 Fighting
 + Level 2.0 Short Blades
 - Level 3.5 Throwing
 - Level 0.8 Armour
 - Level 1.7 Dodging
 + Level 0.6 Stealth
 - Level 2.0 Spellcasting
 - Level 2.6 Translocations


You had 4 spell levels left.
You knew the following spells:

 Your Spells              Type           Power        Failure   Level  Hunger
a - Apportation           Tloc           ##........   12%         1    #......
b - Blink                 Tloc           N/A          14%         2    ###....


Dungeon Overview and Level Annotations

Branches:
Dungeon (3/15)

Altars:

Annotations:
D:2 Natasha, Terence


Innate Abilities, Weirdness & Mutations

You are partially covered in rough black scales (AC +4, Dex -1).
You are slightly more attuned to the shadows.


Message History

You are near starving!
Natasha stares at you and mumbles some strange words.
You resist with some effort.
Natasha zaps a wand.
The magic dart hits you!
Natasha zaps a wand.
The magic dart hits you!
Natasha zaps a wand.
The magic dart hits you!
You see here 2 stones.
Natasha stares at you and mumbles some strange words.
You resist with some effort.
Your magical contamination has completely faded away.
Casting: Blink
Confirm with . or Enter, or press ? or * to list all spells.
You blink.
You feel yourself speed up.
Terence says, "You're history."
Saving game... please wait.
Level annotation: Natasha, Terence Welcome back, prinygod the Demonspawn Warper.
Press ? for a list of commands and other information.
Are you sure you want to abandon this character and quit the game? (Confirm with "yes".)

#.###############. #.# ## #.#
########## #.# #......... #)#
#.######## #######.# #.# #...
.......># #.# #..# #####.#<# #.#
#..# #.#@# #.#
#####..#######.#.## #.#
........#.........# #.#
####.....####.#..### #.#
#..................# #^#
##.##...##.###....#.####.########
................@..(.((.(........
...#..@###.####..##(...........##
####.............##.#.##.####..#


You could see Terence.

Vanquished Creatures
  Natasha (D:2)
  2 adders (D:2)
  An ooze (D:2)
  3 giant geckos (D:1)
  A bat (D:1)
  10 hobgoblins
  4 jackals (D:2)
  A quokka (D:2)
  A ball python (D:2)
  2 goblins (D:1)
  6 kobolds
  5 rats
37 creatures vanquished.

Notes
Turn   | Place    | Note
--------------------------------------------------------------
     0 | D:1      | prinygod the Demonspawn Warper began the quest for the Orb.
     0 | D:1      | Reached XP level 1. HP: 16/16 MP: 3/3
     6 | D:1      | Reached skill level 1 in Throwing
   364 | D:1      | Gained mutation: You are partially covered in rough black scales (AC +4, Dex -1). [demonic ancestry]
   364 | D:1      | Reached XP level 2. HP: 11/22 MP: 5/5
  1236 | D:2      | Noticed Natasha
  1237 | D:2      | Gained mutation: You are slightly more attuned to the shadows. [demonic ancestry]
  1237 | D:2      | Reached XP level 3. HP: 27/27 MP: 6/6
  1296 | D:2      | Killed Natasha
  1296 | D:2      | Reached skill level 3 in Throwing
  1462 | D:2      | Reached XP level 4. HP: 12/33 MP: 7/7
  1727 | D:2      | Noticed Terence
  1732 | D:2      | Learned a level 2 spell: Blink
  2164 | D:2      | Noticed Natasha
  2204 | D:2      | Quit the game

Vault maps used:
D:1:      dpeg_arrival_boxes_within_box
D:2:      kennysheep_generic_room_10, uniq_natasha, uniq_terence
D:3:      nicolae_overflow_crystal_walls, amethyst_overflow_temple_binary,
          first_bread, grunt_ministairs_1, grunt_decor_one_mirror,
          corexii_shack, uniq_sigmund, uniq_grinder

Action                   |  1- 3 |  4- 6 || total
-------------------------+-------+-------++-------
Melee: Short sword       |   105 |    48 ||   153
Throw: Stone             |   127 |    16 ||   143
 Cast: Blink             |       |     7 ||     7
  Use: Potion            |     1 |       ||     1
  Eat: Chunk             |     2 |     1 ||     3
